 Dungeon Crawl Stone Soup version 0.31.0-11-ge490571c62 (webtiles) character file.

Game seed: 8387971742967059457

64 EonDragon20 the Chiller (level 4, -5/30 HPs)
             Began as a Merfolk Ice Elementalist on Feb 7, 2024.
             Slain by Sigmund
             ... wielding a +0 scythe
              (10 damage)
             ... on level 2 of the Dungeon.
             The game lasted 00:05:03 (1171 turns).

EonDragon20 the Chiller (Merfolk Ice Elementalist)  Turns: 1171, Time: 00:05:04

Health: -5/30      AC:  8    Str: 16    XL:     4   Next: 12%
Magic:  0/7        EV: 12    Int: 14    God:
Gold:   31         SH:  0    Dex: 12    Spells: 0/7 levels left

rFire   . . .        (no weapon)
rCold   . . .        (no shield)
rNeg    . . .        a - +0 robe
rPois   .            (helmet restricted)
rElec   .            (no cloak)
rCorr   .            (no gloves)
SInv    .            (no boots)
Will    +....        (no amulet)
Stlth   ++           (no ring)
HPRegen 0.25/turn    (no ring)
MPRegen 0.10/turn

%: no passive effects
@: ice-armoured, freezing walls
A: (nimble swimmer 2), mertail, antennae 1, strong-willed 1, strong 2
a: no special abilities


You were on level 2 of the Dungeon.
You visited 1 branch of the dungeon, and saw 2 of its levels.

You collected 31 gold pieces.

Inventory:

Armour
 a - a +0 robe (worn)
 e - a +1 hat
Potions
 b - a potion of magic


   Skills:
 - Level 2.6 Dodging
 - Level 2.1 Stealth
 - Level 2.0 Spellcasting
 * Level 6.1 Ice Magic


You couldn't memorise any spells.
You knew the following spells:

 Your Spells              Type           Power      Damage    Failure   Level
a - Freeze                Ice            72%        1d8       1%          1
b - Frozen Ramparts       Ice            36%        1d6       6%          3
c - Ozocubu's Armour      Ice            18%        N/A       6%          3

Your spell library contained the following spells:

 Spells                   Type           Power      Damage    Failure   Level
 Summon Ice Beast         Ice/Summ       10%        N/A       21%         3
 Magic Dart               Conj           4%         1d3       24%         1
 Blink                    Tloc           2%         N/A       34%         2
 Call Imp                 Summ           2%         N/A       34%         2
 Mercury Vapours          Alch/Air       2%         N/A       34%         2
 Mephitic Cloud           Conj/Alch/Air  1%         N/A       56%         3
 Freezing Cloud           Conj/Ice/Air   3%         6-21      96%         5


Dungeon Overview and Level Annotations

Branches:
Dungeon (2/15)

Altars:

Annotations:
D:2 Sigmund


Innate Abilities, Weirdness & Mutations

((You are very nimble when in or above water. (Stealth+, EV+, Speed+++)))
Your lower body shifts to a powerful aquatic tail in water.
You have a pair of small antennae on your head.
You are strong-willed. (Will+)
Your muscles are very strong. (Str +8, Int/Dex -2)


Message History

Sigmund gestures at you while chanting. You resist with almost no effort.
You hit Sigmund but do no damage.
Sigmund is lightly wounded.
Sigmund hits you with a +0 scythe.
You completely miss Sigmund. You punch Sigmund, but do no damage.
Sigmund is lightly wounded.
You hit Sigmund but do no damage.
Sigmund is lightly wounded.
Sigmund closely misses you.
You hit Sigmund.
Sigmund is moderately wounded.
Sigmund hits you with a +0 scythe.
You hit Sigmund.
Sigmund is moderately wounded.
You hit Sigmund.
Sigmund is moderately wounded.
Sigmund closely misses you.
You closely miss Sigmund.
Sigmund is moderately wounded.
Sigmund gestures at you while chanting.
The puff of flame hits you but does no damage.
The heat melts your icy armour.
You hit Sigmund.
Sigmund is moderately wounded.
Sigmund closely misses you.
You barely miss Sigmund.
Sigmund is moderately wounded.
Casting: Ozocubu's Armour (dangerous; 6% risk of failure)
Confirm with . or Enter, or press ? or * to list all spells.
Casting: Frozen Ramparts (dangerous; 6% risk of failure)
Press: ? - help, Dir - look around, f - activate The walls around you are covered in ice.
The wall freezes Sigmund.
Sigmund hits you with a +0 scythe!
* * * LOW HITPOINT WARNING * * *
You hit Sigmund but do no damage.
Sigmund is heavily wounded.
The wall freezes Sigmund.
Sigmund hits you with a +0 scythe!
You die...
Sigmund begins carving another notch in his scythe.

#.. #.#######
#####@#.....#
#.....#....<#
#.....#.....#
#....<#.....######
#.....#@..........
#######
#.....@>....######
..#...## #....##.....#
.......###.........###
........##......##.#
.........†.......#.#
........##....##...##
..............###...#
...)))..............##


You could see Sigmund.

Vanquished Creatures
  4 gnolls
  A dart slug (D:2)
  2 endoplasms (D:1)
  A giant cockroach (D:2)
  2 goblins (D:2)
  3 hobgoblins (D:1)
  A kobold (D:1)
  A quokka (D:2)
  3 ball pythons (D:1)
  A bat (D:1)
  3 frilled lizards (D:1)
  3 rats
25 creatures vanquished.

Notes
Turn   | Place    | Note
-------+----------+-------------------------------------------
     0 | D:1      | EonDragon20 the Merfolk Ice Elementalist began the quest
                  | for the Orb.
     0 | D:1      | Reached XP level 1. HP: 13/13 MP: 3/3
   152 | D:1      | Reached XP level 2. HP: 19/19 MP: 1/5
   306 | D:1      | Reached skill level 5 in Ice Magic
   700 | D:2      | Reached XP level 3. HP: 14/24 MP: 2/6
   714 | D:2      | HP: 1/24 [gnoll/+0 whip (9)]
   715 | D:2      | Gained mutation: You have a pair of small antennae on your
                  | head. [potion of mutation]
   715 | D:2      | Gained mutation: You are strong-willed. (Will+) [potion of
                  | mutation]
   715 | D:2      | Gained mutation: Your muscles are strong. (Str +4, Int/Dex
                  | -1) [potion of mutation]
   715 | D:2      | Gained mutation: Your muscles are very strong. (Str +8,
                  | Int/Dex -2) [potion of mutation]
   856 | D:2      | Learned a level 3 spell: Frozen Ramparts
   942 | D:2      | Reached skill level 6 in Ice Magic
   942 | D:2      | Reached XP level 4. HP: 11/30 MP: 1/7
  1087 | D:2      | Noticed Sigmund
  1137 | D:2      | Learned a level 3 spell: Ozocubu's Armour
  1171 | D:2      | Slain by Sigmund

Illustrated notes

Levels and vault maps discovered:
D:1:      roderic_crossed_star, layout_rooms
D:2:      layout_rooms, basic_altar, minmay_misc_feat_enclosed, uniq_robin,
          uniq_sigmund, uniq_jessica

Skill      XL: |  1  2  3 |
---------------+----------+-----
Ice Magic      | 5 6 |  6.1
Dodging        | |  2.6
Stealth        | |  2.1
Spellcasting   | |  2.0

Action                     |  1- 3 |  4- 6 || total
---------------------------+-------+-------++-------
  Melee: Unarmed           |     8 |    13 ||    21
         Punch             |       |     1 ||     1
   Cast: Freeze            |    30 |       ||    30
         Frozen Ramparts   |     3 |     5 ||     8
         Ozocubu's Armour  |       |     1 ||     1
    Use: Scroll            |     3 |       ||     3
         Potion            |     3 |       ||     3
 Armour: Robe              |    19 |     7 ||    26
  Dodge: Dodged            |    15 |     5 ||    20
